 Dungeon Crawl Stone Soup version 0.28.0 (webtiles) character file.

Game seed: 9711147975699508458

14641 lawman0 the Thaumaturge (level 11, -6/90 HPs)
             Began as a Deep Elf Artificer on Feb 18, 2022.
             Was a High Priest of Dithmenos.
             Mangled by a flayed ghost (23 damage)
             ... on level 12 of the Dungeon on Feb 19, 2022.
             The game lasted 00:28:05 (17421 turns).

lawman0 the Thaumaturge (Deep Elf Artificer)       Turns: 17421, Time: 00:28:05

Health: -6/90      AC: 12    Str: 13    XL:     11   Next: 91%
Magic:  3/27       EV: 14    Int: 19    God:    Dithmenos [*****.]
Gold:   380        SH:  5    Dex: 19    Spells: 14/30 levels left

rFire   + . .      SeeInvis .   h - +4 spear of Intuition {drain, Dex+4}
rCold   . . .      Faith    .   (no shield)
rNeg    . . .      Spirit   .   F - +2 ring mail {rF+}
rPois   .          Reflect  +   s - +0 helmet
rElec   .          Harm     .   (no cloak)
rCorr   .          Rampage  .   y - +1 pair of gloves of the Okapi {Str+2}
Will    +....                   f - +0 pair of boots
Stlth   ..........              i - amulet of reflection
HPRegen 0.25/turn               (no ring)
MPRegen 0.20/turn               (no ring)

@: berserking, flayed, wreathed by umbra, very quick
A: no striking features
a: Renounce Religion, Shadow Step, Shadow Form


You were on level 12 of the Dungeon.
You worshipped Dithmenos.
Dithmenos was extremely pleased with you.
You visited 1 branch of the dungeon, and saw 12 of its levels.

You collected 732 gold pieces.
You spent 352 gold pieces at shops.

Inventory:

Hand Weapons
 h - the +4 spear of Intuition (weapon) {drain, Dex+4}
   (You found it on level 2 of the Dungeon)

   A truly terrible weapon, it drains the life of any living foe it strikes.
   Dex:       It affects your dexterity (+4).
 j - a +1 dagger of draining
 Q - a +2 demon trident of freezing
Missiles
 k - 2 throwing nets
Armour
 f - a +0 pair of boots (worn)
 s - a +0 helmet (worn)
 y - the +1 pair of gloves of the Okapi (worn) {Str+2}
   (You found it on level 5 of the Dungeon)

   Str:       It affects your strength (+2).
 F - a +2 ring mail of fire resistance (worn)
Jewellery
 b - an amulet of regeneration
 i - an amulet of reflection (around neck)
 N - a +6 ring of strength
Wands
 d - a wand of paralysis (4)
 K - a wand of polymorph (15)
 O - a wand of digging (16)
 P - a wand of charming (4)
Scrolls
 c - a scroll of immolation
 g - 2 scrolls of torment
 n - a scroll of amnesia
 r - a scroll of enchant armour
 t - 3 scrolls of blinking
 u - 4 scrolls of teleportation
 x - a scroll of vulnerability
 A - a scroll of magic mapping
 E - 3 scrolls of fog
 G - a scroll of fear
 I - a scroll of silence
 J - a scroll of holy word
Potions
 l - 2 potions of curing
 m - 3 potions of might
 o - 4 potions of mutation
 v - a potion of cancellation {unknown}
 w - a potion of attraction
 z - 2 potions of brilliance {unknown}
 B - 3 potions of flight
 C - a potion of resistance
 D - 3 potions of haste
 H - 3 potions of magic {unknown}
 M - 2 potions of lignification
Miscellaneous
 e - a piece from Xom's chessboard (inert)
 L - a phial of floods (inert)


   Skills:
 + Level 3.9 Fighting
 - Level 0.4 Short Blades
 - Level 0.4 Polearms
 + Level 4.8 Armour
 + Level 6.8 Dodging
 + Level 10.1 Stealth
 + Level 3.5 Shields
 * Level 10.3 Spellcasting
 * Level 2.4 Conjurations
 * Level 8.3 Hexes
 + Level 5.1 Transmutations
 * Level 2.2 Ice Magic
 + Level 7.3 Air Magic
 + Level 5.8 Evocations


You had 14 spell levels left.
You knew the following spells:

 Your Spells              Type           Power      Damage    Failure   Level
a - Ensorcelled Hibernat  Hex/Ice        58%        N/A       2%          2
b - Passwall              Tmut/Erth      15%        N/A       8%          2
c - Swiftness             Air            37%        N/A       1%          3
d - Airstrike             Air            18%        N/A       7%          4
e - Freezing Cloud        Conj/Ice/Air   12%        6-21      58%         5

Your spell library contained the following spells:

 Spells                   Type           Power      Damage    Failure   Level
 Shock                    Conj/Air       100%       1d9       1%          1
 Static Discharge         Conj/Air       28%        N/A       2%          2
 Mephitic Cloud           Conj/Pois/Air  22%        N/A       11%         3
 Ignite Poison            Fire/Tmut/Pois 16%        N/A       22%         3
 Sticky Flame             Conj/Fire      14%        2d4       65%         4
 Dispel Undead            Necr           9%         3d8       80%         4


Dungeon Overview and Level Annotations

Branches:
Dungeon (12/15)            Temple (0/1) D:6            Lair (0/6) D:8
    Orc (0/2) D:10

Altars:
Cheibriados
Dithmenos
Elyvilon
Fedhas
Gozag
Kikubaaqudgha
Okawaru
Qazlal
Ru
Sif Muna
Trog
Wu Jian
Zin
The Shining One

Shops:
D:8 =*?   D:9 *

Annotations:
D:9 1 runed translucent door
D:12 1 runed translucent door


Message History

Press: ? - help, Dir - move target, f/p - flayed ghost
Aim: a flayed ghost (heavily damaged, umbra, empty space bonus: 6/8)
The air twists around and strikes the flayed ghost!
The flayed ghost is severely damaged.
Casting: Airstrike (dangerous; 7% risk of failure)
Confirm with . or Enter, or press ? or * to list all spells.
You don't have enough magic to cast this spell.
Unknown command.
Unknown command.
You make a move on Xom's chessboard...
The flayed ghost easily resists.
The chess piece greys!
You reach to attack!
You completely miss the flayed ghost.
The flayed ghost is severely damaged.
Your shadow closely misses the flayed ghost.
You miss the flayed ghost.
The flayed ghost is severely damaged.
Your shadow barely misses the flayed ghost.
The flayed ghost stares at you with tortured malice.
Terrible wounds open up all over your body!
You hit the flayed ghost.
The flayed ghost is severely damaged.
Your shadow hits the flayed ghost with a spear.
The flayed ghost misses you.
You miss the flayed ghost.
The flayed ghost is almost destroyed.
The flayed ghost cries, "Suffer as I suffered!"
Terrible wounds spread across more of your body!
You hit the flayed ghost.
The flayed ghost is almost destroyed.
The flayed ghost hits you!!
* * * LOW HITPOINT WARNING * * *
The flayed ghost barely misses you.
You are too injured to fight recklessly!
You closely miss the flayed ghost.
The flayed ghost is almost destroyed.
You block the flayed ghost's attack.
Unknown command.
A red film seems to cover your vision as you go berserk!
You feel yourself moving faster!
You feel mighty! The flayed ghost hits you!!
You die...

#.##...# #.....#.#.....#
#.#...##. #....#.#.#....#
#.#..#.#.####$....#.#.....#
#.#.#..#.........#####..###
#
#.##.).#.....?$$.)...###..#
#
#.#...##......⌠$.....#..###
#
#.#..#)#......[?.....###..#
##.#.#o)#####.........#..###
#..#.....## #@W..##..####(.#
####..#....#[###....#
##.#..###
#..#..#....##.#.....#
####..#
......#....###.#....# #..###
......###### ######## ###..#
....#.# ..# #..###
..>.#.##[.# ###..#
...##...## #..### ...##....#
###..#


You could see a flayed ghost.

Vanquished Creatures
  A hydra (D:9)
  3 two-headed ogres
  A hell knight (D:12)
  Pikel (D:5)
  A gargoyle (D:12)
  5 trolls
  A hornet (D:12)
  Grinder (D:5)
  A slime creature (D:11)
  A shadow (D:11)
  3 wraiths
  10 yaks
  A steam dragon (D:9)
  Edmund (D:5)
  An acid dragon (D:10)
  2 water moccasins
  2 sky beasts
  6 orc warriors
  2 black bears (D:6)
  3 necrophages
  2 ice beasts
  3 ogres
  A wolf (D:8)
  A phantom (D:4)
  10 centaurs
  4 kobold brigands
  7 bullfrogs
  A scorpion (D:6)
  A water moccasin zombie (D:6)
  A killer bee (D:9)
  6 electric eels (D:8)
  13 howler monkeys
  A bullfrog zombie (D:5)
  4 centaur zombies
  5 hounds
  An orc priest (D:7)
  A bullfrog skeleton (D:6)
  A centaur skeleton (D:5)
  Ijyb (D:4)
  3 iguanas
  13 orc wizards
  2 killer bee zombies
  A howler monkey zombie (D:8)
  Robin (D:3)
  3 gnolls (D:5)
  13 adders
  A shadow imp (D:10)
  2 adder skeletons
  3 worms
  2 dart slugs
  52 orcs
  9 endoplasms
  3 giant cockroaches
  16 goblins
  9 hobgoblins
  9 jackals
  5 quokkas
  6 ball pythons
  7 bats
  29 kobolds
  6 kobold skeletons (D:10)
  3 kobold zombies (D:10)
  4 rats
313 creatures vanquished.

Vanquished Creatures (collateral kills)
  A kobold demonologist (D:10)
  A yak (D:8)
  A black bear (D:5)
  An orc warrior (D:10)
  2 kobold brigands (D:10)
  An orc wizard (D:10)
  A shadow imp (D:10)
  4 orcs (D:10)
  2 goblins (D:3)
  7 kobolds
  6 kobold skeletons (D:10)
  3 kobold zombies (D:10)
30 creatures vanquished.

Vanquished Creatures (others)
  A yak (D:8)
  A lemure (D:5)
  A kobold brigand (D:10)
  A hound (D:6)
  An adder (D:3)
  2 goblins (D:3)
  A hobgoblin (D:3)
  3 kobolds
11 creatures vanquished.

Grand Total: 354 creatures vanquished

Notes
Turn   | Place    | Note
-------+----------+-------------------------------------------
     0 | D:1      | lawman0 the Deep Elf Artificer began the quest for the Orb.
     0 | D:1      | Reached XP level 1. HP: 11/11 MP: 3/3
   366 | D:1      | Found a faded altar of an unknown god.
   373 | D:1      | Prayed at the altar of an unknown god.
   373 | D:1      | Became a worshipper of Dithmenos the Shadowed
   373 | D:1      | Reached * piety under Dithmenos
   377 | D:1      | yeah ok
   698 | D:1      | Reached skill level 1 in Armour
   975 | D:1      | Reached XP level 2. HP: 16/16 MP: 4/4
  1842 | D:2      | Reached XP level 3. HP: 18/20 MP: 5/5
  2238 | D:2      | Identified the +4 spear of Intuition {drain, Dex+4}
  2262 | D:2      | Reached ** piety under Dithmenos
  2400 | D:2      | Reached XP level 4. HP: 24/24 MP: 6/6
  2505 | D:2      | Reached skill level 1 in Fighting
  3173 | D:3      | Found a white marble altar of Elyvilon.
  3240 | D:3      | Noticed Robin
  3265 | D:3      | Killed Robin
  3266 | D:3      | Reached skill level 1 in Shields
  3266 | D:3      | Reached XP level 5. HP: 10/29 MP: 7/7
  3566 | D:3      | Learned a level 2 spell: Ensorcelled Hibernation
  3569 | D:3      | Learned a level 2 spell: Passwall
  3739 | D:3      | Found a bloodstained altar of Trog.
  3800 | D:4      | Found a shimmering blue altar of Sif Muna.
  3953 | D:4      | Noticed an ogre
  4264 | D:4      | Found a stormy altar of Qazlal.
  4265 | D:4      | Noticed an ogre
  4282 | D:3      | Killed an ogre
  4283 | D:3      | Reached skill level 1 in Spellcasting
  4283 | D:3      | Reached skill level 1 in Hexes
  4363 | D:4      | Reached skill level 1 in Transmutations
  4406 | D:4      | Reached XP level 6. HP: 34/34 MP: 9/9
  4448 | D:4      | Found a snail-covered altar of Cheibriados.
  4538 | D:4      | Reached *** piety under Dithmenos
  4790 | D:4      | Reached XP level 7. HP: 38/38 MP: 12/12
  4872 | D:4      | Noticed Ijyb
  4895 | D:4      | Paralysed by Ijyb for 3 turns
  4904 | D:4      | Killed Ijyb
  5384 | D:5      | Entered Level 5 of the Dungeon
  5422 | D:5      | Found an iron altar of Okawaru.
  5552 | D:5      | Noticed Pikel
  5577 | D:5      | Killed Pikel
  5578 | D:5      | Reached skill level 5 in Stealth
  5578 | D:5      | Reached XP level 8. HP: 34/44 MP: 13/16
  5590 | D:5      | Identified the +6 quarterstaff "Xaross" {vorpal, Fragile
                  | Fly MP+9}
  5620 | D:5      | Learned a level 3 spell: Swiftness
  5711 | D:5      | Identified the +1 pair of gloves of the Okapi {Str+2}
  5728 | D:5      | Learned a level 4 spell: Airstrike
  5817 | D:5      | Noticed Edmund
  5842 | D:5      | Killed Edmund
  5984 | D:5      | Found a blossoming altar of Fedhas.
  6013 | D:5      | Noticed Grinder
  6026 | D:5      | Killed Grinder
  6027 | D:5      | Reached skill level 1 in Air Magic
  6096 | D:5      | Reached skill level 5 in Dodging
  6114 | D:5      | Reached skill level 5 in Spellcasting
  6337 | D:5      | Reached **** piety under Dithmenos
  6410 | D:5      | Found Kuxergheff's Elemental Accessories.
  6432 | D:5      | Reached skill level 5 in Hexes
  6694 | D:6      | based dith
  6699 | D:6      | Found a sacrificial altar of Ru.
  6749 | D:6      | Reached XP level 9. HP: 44/49 MP: 15/18
  6975 | D:6      | Found a staircase to the Ecumenical Temple.
  7675 | D:6      | Reached skill level 5 in Evocations
  9250 | D:8      | Found Doitromu's One-of-a-Kind Rings.
  9316 | D:8      | Reached skill level 5 in Transmutations
  9331 | D:8      | Noticed a troll
  9497 | D:8      | Killed a troll
  9570 | D:8      | Found a staircase to the Lair.
  9625 | D:8      | Reached XP level 10. HP: 45/56 MP: 21/21
 10094 | D:8      | Found Voec's Assorted Antiques.
 10103 | D:8      | Bought a murky ruby potion for 25 gold pieces
 10103 | D:8      | Bought a square peridot amulet for 140 gold pieces
 10103 | D:8      | Bought a scroll of identify for 56 gold pieces
 10103 | D:8      | Bought a scroll of fog for 56 gold pieces
 10317 | D:8      | Found Fyups's Magic Scroll Shoppe.
 10421 | D:8      | Bought a scroll of identify for 30 gold pieces
 10421 | D:8      | Bought a scroll of teleportation for 45 gold pieces
 11087 | D:9      | Found a glowing golden altar of the Shining One.
 11225 | D:9      | Noticed a six-headed hydra
 11249 | D:9      | Found a runed translucent door.
 11318 | D:9      | Killed a six-headed hydra
 11319 | D:9      | Reached skill level 5 in Air Magic
 11359 | D:9      | Found an ornate altar of the Wu Jian Council.
 11414 | D:9      | Found a glowing silver altar of Zin.
 11539 | D:9      | Found an opulent altar of Gozag.
 11544 | D:9      | Found Gozag's Platinum Reserve.
 11553 | D:9      | Noticed a two-headed ogre
 11614 | D:9      | Found a shadowy altar of Dithmenos.
 12317 | D:9      | Killed a two-headed ogre
 12389 | D:9      | Noticed a six-headed hydra
 12389 | D:9      | Noticed a wolf spider
 12390 | D:9      | Noticed a two-headed ogre
 12390 | D:9      | Noticed a death knight
 12426 | D:10     | Entered Level 10 of the Dungeon
 12599 | D:9      | Reached XP level 11. HP: 33/60 MP: 24/24
 12854 | D:10     | Reached skill level 10 in Stealth
 12886 | D:10     | Reached ***** piety under Dithmenos
 12951 | D:10     | Noticed a two-headed ogre
 13031 | D:10     | Found an ancient bone altar of Kikubaaqudgha.
 13573 | D:10     | Found a staircase to the Orcish Mines.
 14110 | D:10     | Killed a two-headed ogre
 14760 | D:11     | Learned a level 5 spell: Freezing Cloud
 15203 | D:11     | Reached ****** piety under Dithmenos
 15395 | D:11     | Reached skill level 1 in Ice Magic
 15809 | D:12     | Noticed a frost giant
 15809 | D:12     | Found a runed translucent door.
 15813 | D:12     | Noticed a stone giant
 15814 | D:12     | Noticed a flayed ghost
 16153 | D:12     | Noticed a sphinx
 16156 | D:12     | Noticed a flayed ghost
 16157 | D:12     | Noticed a hell knight
 16202 | D:12     | Reached skill level 1 in Conjurations
 16393 | D:12     | Killed a hell knight
 16402 | D:12     | Noticed a two-headed ogre
 17117 | D:11     | Killed a two-headed ogre
 17118 | D:11     | Reached skill level 10 in Spellcasting
 17421 | D:12     | Mangled by a flayed ghost

Illustrated notes

##.#...###
#.#...# #
#.#.### #
#.#.##### #+#
#........ #.#
###.#####
######.## #.#
#.###.......#
#.#
#......†@...##
#.#
#.###.##.....#
#.# #
#....#######.#
#>#...)......#
#.############
#.# #.# ..# ##


Turn 377 on D:1: yeah ok ..# ###### .#...#....# #......@# ......### ..../ ....
... ## Turn 6694 on D:6: based dith

Levels and vault maps discovered:
D:1:      tarquinn_simple_flora_water_f, layout_loops_corners,
          basic_ecumenical_altar
D:2:      layout_loops_ring, serial_aquarium, aquarium_bridge_straight
          [aquarium_subvault_bridge, aquarium_subvault_balcony,
          aquarium_subvault_bridge, aquarium_subvault_window],
          aquarium_bridge_square [aquarium_subvault_wall,
          aquarium_subvault_bridge, aquarium_subvault_bridge,
          aquarium_subvault_bridge], aquarium_window_fake,
          aquarium_window_corridor_1, aquarium_view_2d, aquarium_balcony_3b,
          aquarium_pool_2, nrook_loot_triangle
D:3:      layout_basic, trog_butcher_becter, elyvilon_altar_1, uniq_robin
D:4:      layout_loops_corners, mainiacjoe_overflow_chevrons,
          mainiacjoe_overflow_24_doors, nicolae_qazlal_eye_of_the_storm,
          uniq_ijyb
D:5:      layout_loops_ring, mainiacjoe_overflow_paths, fedhas_altar_2,
          nicolae_elemental_shop, minmay_tree_intersection, uniq_edmund,
          uniq_pikel, uniq_grinder
D:6:      nicolae_BIG_FREAKIN_CUBE, layout_basic, nicolae_ru_awakened_eye,
          minmay_temple_entry_mist, grunt_ministairs_9,
          minmay_misc_feat_four_crosses
D:7:      layout_basic
D:8:      layout_loops_ring, erik_lair_island, serial_shops,
          nicolae_shop_waterfront, nicolae_shop_unique_rings,
          nicolae_inconvenience_store
D:9:      minmay_skewed_foursquare, layout_loops_corners,
          nicolae_wu_jian_immortal_techniques, zin_scriptorium,
          grunt_dithmenos_smoke, nicolae_overflow_crystal_walls,
          nicolae_gozag_zags_fifth_avenue, grunt_decor_clamped, minivault_13
D:10:     wander_kiku_kobolds, layout_basic, hiddenorc2_lemuel,
          nicolae_figureground_sparkle
D:11:     layout_small_grid
D:12:     minmay_textured_paths, layout_gridville,
          maelrawn_ghost_gauntlet_escape, kennysheep_treasure_room

Skill      XL: |  1  2  3  4  5  6  7  8  9 10 11 |
---------------+----------------------------------+-----
Armour         | 1 2 3 4 |  4.8
Evocations     | 4 5 |  5.8
Stealth        | 2 3 4 5 6 7 9 10 | 10.1
Dodging        | 3 4 5 6 |  6.8
Fighting       | 1 2 3 |  3.9
Shields        | 1 2 3 |  3.5
Spellcasting   | 1 2 4 5 6 7 10 | 10.3
Hexes          | 1 2 4 5 6 7 8 |  8.3
Transmutations | 1 3 5 |  5.1
Air Magic      | 1 4 5 7 |  7.3
Ice Magic      | 2 |  2.2
Conjurations   | 2 |  2.4
Short Blades   | |  0.4
Polearms       | |  0.4

Action                   |  1- 3 |  4- 6 |  7- 9 | 10-12 || total
-------------------------+-------+-------+-------+-------++-------
Melee: Dagger            |   105 |       |       |       ||   105
       Club              |    18 |       |       |       ||    18
       Punch             |     3 |     1 |     4 |     6 ||    14
       Spear             |    10 |   146 |   381 |   506 ||  1043
 Cast: Ensorcelled Hiber |       |       |     3 |     3 ||     6
       Airstrike         |       |       |       |    96 ||    96
Invok: Shadow Step       |       |       |     1 |     2 ||     3
Evoke: Wand              |     6 |     9 |    18 |    29 ||    62
       Piece from Xom's  |       |     8 |    24 |     7 ||    39
       Phial of floods   |       |       |       |     2 ||     2
  Use: Potion            |       |     1 |     2 |     4 ||     7
       Scroll            |       |     2 |    11 |    17 ||    30
 Stab: Sleeping          |     9 |    10 |    26 |    14 ||    59
       Distracted        |       |     1 |     2 |     4 ||     7
       Paralysed         |       |     5 |     5 |    18 ||    28
       Confused          |       |     1 |       |     3 ||     4
       Petrified         |       |       |    14 |       ||    14
       Petrifying        |       |       |     2 |       ||     2
Armor: Leather armour    |    33 |    26 |    68 |       ||   127
       Ring mail         |       |       |    23 |   183 ||   206
Dodge: Dodged            |    82 |    65 |   272 |   356 ||   775
Block: Other             |    19 |    16 |    74 |   131 ||   240
       Reflection        |       |     4 |     3 |    10 ||    17
